[Event "Slovakia Open Piestany-A 2022"]
[Site "Piestany"]
[Date "2022.07.16"]
[Round "7.23"]
[White "Zvarik, Martin"]
[Black "Walter, Ema"]
[Result "0-1"]
[ECO "A45"]
[WhiteElo "2213"]
[BlackElo "2000"]
[Annotator "ChessBase"]
[PlyCount "70"]
[EventDate "2022.07.12"]
[EventType "swiss"]
[EventCountry "SVK"]
[SourceTitle "playchess.com"]
[Source "ChessBase"]
[SourceQuality "1"]
[TimeControl "40/5400+30:1800+30"]

1. d4 Nf6 2. Bg5 Ne4 3. Bh4 c5 4. f3 g5 5. fxe4 gxh4 6. e3 Bh6 7. Qd3 Qb6 8. b3 Nc6 9. c3 e5 10. d5 Ne7 11. Nd2 Ng6 12. Nc4 Qf6 13. a4 d6 14. Ra2 O-O 15. Rf2 Qe7 16. Qc2 Bd7 17. Nf3 f5 18. exf5 Bxf5 19. Qd1 e4 20. Nfd2 Ne5 21. Be2 Bg6 22. O-O Rad8 23. Bg4 Qg5 24. Be6+ Kh8 25. Rf4 Nd3 26. Nxe4 Bxe4 27. Rxe4 Ne5 28. Nxe5 dxe5 29. Bg4 Rxf1+ 30. Kxf1 Qf6+ 31. Ke2 Rf8 32. Qe1 Qg6 33. Bf3 h3 34. gxh3 Rxf3 35. Rxe5 Rxh3 0-1

[Event "Slovakia Open Piestany-A 2022"]
[Site "Piestany"]
[Date "2022.07.16"]
[Round "7.24"]
[White "Holly, Andrej"]
[Black "Brhel, Jan"]
[Result "1-0"]
[ECO "C84"]
[WhiteElo "2213"]
[BlackElo "2018"]
[Annotator "ChessBase"]
[PlyCount "87"]
[EventDate "2022.07.12"]
[EventType "swiss"]
[EventCountry "SVK"]
[SourceTitle "playchess.com"]
[Source "ChessBase"]
[SourceQuality "1"]
[TimeControl "40/5400+30:1800+30"]

1. e4 e5 2. Nf3 Nc6 3. Bb5 a6 4. Ba4 Nf6 5. d4 exd4 6. O-O Be7 7. e5 Ne4 8. Nxd4 Nc5 9. Nf5 O-O 10. Qg4 g6 11. Bxc6 dxc6 12. Nxe7+ Qxe7 13. Qg3 Re8 14. Bf4 Ne6 15. Be3 Ng7 16. f4 Nf5 17. Qf2 Nxe3 18. Qxe3 Bf5 19. Nc3 Qb4 20. g4 Be6 21. Ne4 Red8 22. Nf6+ Kg7 23. b3 Rd2 24. c3 Qb6 25. Qxb6 cxb6 26. Rad1 Rad8 27. Rxd2 Rxd2 28. Rf2 Rd1+ 29. Rf1 Rd2 30. c4 b5 31. f5 Bd7 32. cxb5 cxb5 33. Nxd7 Rxd7 34. f6+ Kf8 35. Rc1 Ke8 36. Rc8+ Rd8 37. Rxd8+ Kxd8 38. Kf2 g5 39. Ke3 b6 40. Ke4 h6 41. Kd5 Kd7 42. b4 a5 43. a3 a4 44. e6+ 1-0

[Event "Slovakia Open Piestany-A 2022"]
[Site "Piestany"]
[Date "2022.07.16"]
[Round "7.25"]
[White "Soham Datar"]
[Black "Chlpik, Martin"]
[Result "1-0"]
[ECO "B84"]
[WhiteElo "2111"]
[BlackElo "2236"]
[Annotator "ChessBase"]
[PlyCount "99"]
[EventDate "2022.07.12"]
[EventType "swiss"]
[EventCountry "SVK"]
[SourceTitle "playchess.com"]
[Source "ChessBase"]
[SourceQuality "1"]
[TimeControl "40/5400+30:1800+30"]

1. e4 c5 2. Nc3 d6 3. Nge2 Nf6 4. d4 cxd4 5. Nxd4 a6 6. f4 e6 7. Be3 Nbd7 8. Be2 Qc7 9. g4 b5 10. Bf3 b4 11. g5 bxc3 12. gxf6 cxb2 13. fxg7 Qc3+ 14. Kf2 Bxg7 15. Rb1 Nc5 16. e5 dxe5 17. Ne2 Qc4 18. Bxa8 exf4 19. Nxf4 Be5 20. Qe2 Ne4+ 21. Bxe4 Qxe4 22. Qd3 Qc6 23. Rbd1 Ke7 24. Qa3+ Ke8 25. Qd3 Bc7 26. Bd4 Rg8 27. Qxh7 Rf8 28. Nh5 Bb7 29. Ng7+ Ke7 30. Bf6+ Kxf6 31. Qh4+ Kxg7 32. Rhg1+ Qg2+ 33. Rxg2+ Bxg2 34. Qg5+ Kh8 35. Qxg2 Rb8 36. Qf3 b1=Q 37. Rxb1 Rxb1 38. Qc3+ Kg8 39. Qxc7 Rb5 40. Qc8+ Kg7 41. Qxa6 Rf5+ 42. Kg2 e5 43. Qe2 Rg5+ 44. Kh1 Kf6 45. a4 Kf5 46. Qf3+ Kg6 47. a5 f5 48. a6 e4 49. Qf4 Rg4 50. Qxg4+ 1-0

[Event "Slovakia Open Piestany-A 2022"]
[Site "Piestany"]
[Date "2022.07.16"]
[Round "7.26"]
[White "Balint, Peter"]
[Black "Gyerpal, Adrian"]
[Result "1/2-1/2"]
[ECO "C90"]
[WhiteElo "2051"]
[BlackElo "2193"]
[Annotator "ChessBase"]
[PlyCount "92"]
[EventDate "2022.07.12"]
[EventType "swiss"]
[EventCountry "SVK"]
[SourceTitle "playchess.com"]
[Source "ChessBase"]
[SourceQuality "1"]
[TimeControl "40/5400+30:1800+30"]

1. e4 e5 2. Nf3 Nc6 3. Bb5 a6 4. Ba4 Nf6 5. O-O Be7 6. d3 b5 7. Bb3 d6 8. a4 Bd7 9. c3 O-O 10. Nbd2 Na5 11. Bc2 c5 12. Re1 Qc7 13. Nf1 h6 14. Ng3 Rfe8 15. Nh4 Bg4 16. f3 Nh7 17. Nhf5 Bxf5 18. Nxf5 Bf8 19. Be3 Rad8 20. Qd2 Nf6 21. axb5 axb5 22. Bf2 Ra8 23. Bh4 Nh5 24. Ne3 Nf4 25. Bg3 Ne6 26. Nd5 Qb7 27. Bf2 Nc6 28. g3 b4 29. Ba4 Reb8 30. Kg2 Ne7 31. c4 Nc6 32. b3 Ned4 33. Rab1 Qc8 34. Bxd4 Nxd4 35. Ne3 Ra7 36. Nc2 Ne6 37. f4 exf4 38. gxf4 Be7 39. Rf1 Bf6 40. f5 Nd4 41. Ne3 Qd8 42. Nd5 Kh7 43. Kh1 Rba8 44. Qg2 Be5 45. f6 g6 46. Rbe1 h5 1/2-1/2

[Event "Slovakia Open Piestany-A 2022"]
[Site "Piestany"]
[Date "2022.07.16"]
[Round "7.27"]
[White "Skreko, Igor"]
[Black "Compel, Daniel"]
[Result "1-0"]
[ECO "E36"]
[WhiteElo "2193"]
[BlackElo "2098"]
[Annotator "ChessBase"]
[PlyCount "59"]
[EventDate "2022.07.12"]
[EventType "swiss"]
[EventCountry "SVK"]
[SourceTitle "playchess.com"]
[Source "ChessBase"]
[SourceQuality "1"]
[TimeControl "40/5400+30:1800+30"]

1. d4 Nf6 2. c4 e6 3. Nc3 Bb4 4. Qc2 O-O 5. a3 Bxc3+ 6. Qxc3 d5 7. Bg5 c5 8. dxc5 d4 9. Qf3 Nbd7 10. e3 e5 11. O-O-O Nxc5 12. Bxf6 gxf6 13. exd4 exd4 14. b4 Ne6 15. Bd3 Ng7 16. Ne2 a5 17. b5 Qd6 18. Bc2 Bg4 19. Qxg4 Qxa3+ 20. Kb1 Qb4+ 21. Ka2 Qxc4+ 22. Bb3 Qxb5 23. Nxd4 Qb4 24. Rb1 f5 25. Qf4 Kh8 26. Rhc1 b5 27. Bd1 Qe7 28. Rxb5 Rfd8 29. Bf3 Ra6 30. Rb8 1-0

[Event "Slovakia Open Piestany-A 2022"]
[Site "Piestany"]
[Date "2022.07.16"]
[Round "7.28"]
[White "Mizicka, Matus"]
[Black "Nadzamova, Viktoria"]
[Result "0-1"]
[ECO "B31"]
[WhiteElo "1915"]
[BlackElo "2133"]
[Annotator "ChessBase"]
[PlyCount "108"]
[EventDate "2022.07.12"]
[EventType "swiss"]
[EventCountry "SVK"]
[SourceTitle "playchess.com"]
[Source "ChessBase"]
[SourceQuality "1"]
[TimeControl "40/5400+30:1800+30"]

1. e4 c5 2. Be2 d6 3. d3 Nf6 4. f4 Qb6 5. Nf3 Nc6 6. c4 g6 7. O-O Bg7 8. Nc3 O-O 9. h3 Nh5 10. Qe1 Nb4 11. Nd5 Nxd5 12. cxd5 e6 13. g4 Nf6 14. f5 exf5 15. gxf5 Bd7 16. Qh4 Rae8 17. Bg5 Qxb2 18. Rae1 Nh5 19. Nh2 Be5 20. Ng4 Bg3 21. Bf6 Qd2 22. Qxh5 gxh5 23. Rd1 Bf4 24. Rxd2 Bxd2 25. Nh6+ Bxh6 26. Kf2 Bxf5 27. exf5 Be3+ 28. Kf3 Bd4 29. Bxd4 cxd4 30. Bd1 Re3+ 31. Kf4 h4 32. Kg5 Rxh3 33. Kf6 Re8 34. Bh5 Kf8 35. Rc1 Rxd3 36. Bxf7 Rc3 37. Rh1 Re7 38. Be6 Rg7 39. Rxh4 Rf3 40. Rh6 Rg6+ 41. Rxg6 hxg6 42. Kxg6 d3 43. Bd7 Rf4 44. Bb5 d2 45. Be2 Rf1 46. Kf6 d1=Q 47. Bxd1 Rxd1 48. Ke6 Rf1 49. a3 Ke8 50. a4 Kd8 51. f6 Kc7 52. a5 b5 53. axb6+ axb6 54. Ke7 b5 0-1

[Event "Slovakia Open Piestany-A 2022"]
[Site "Piestany"]
[Date "2022.07.16"]
[Round "7.29"]
[White "Sevcikova, Lucia"]
[Black "Tripodi, Enzo"]
[Result "1-0"]
[ECO "A88"]
[WhiteElo "2036"]
[BlackElo "2141"]
[Annotator "ChessBase"]
[PlyCount "105"]
[EventDate "2022.07.12"]
[EventType "swiss"]
[EventCountry "SVK"]
[SourceTitle "playchess.com"]
[Source "ChessBase"]
[SourceQuality "1"]
[TimeControl "40/5400+30:1800+30"]

1. d4 f5 2. g3 Nf6 3. Bg2 g6 4. Nf3 Bg7 5. O-O O-O 6. c4 d6 7. Nc3 c6 8. b3 e5 9. dxe5 dxe5 10. Ba3 Qxd1 11. Raxd1 Re8 12. e4 fxe4 13. Ng5 Bg4 14. Rde1 Na6 15. Ngxe4 Nxe4 16. Nxe4 Rad8 17. Nd6 Re7 18. f3 c5 19. Nxb7 Rxb7 20. fxg4 Rbd7 21. Bd5+ Kh8 22. Bb2 Nb4 23. Bxe5 Nxd5 24. Bxg7+ Kxg7 25. cxd5 Rxd5 26. Re7+ Kh6 27. Rxa7 Rd4 28. g5+ Kxg5 29. Rxh7 Rd2 30. Ra7 Rh8 31. Rf2 Rxf2 32. h4+ Kg4 33. Kxf2 Rf8+ 34. Kg2 Rd8 35. Ra4+ Kf5 36. Kh3 Ke5 37. Rc4 Kd5 38. Kg4 Ra8 39. Rc2 Kd4 40. Kg5 Ra6 41. g4 Rc6 42. h5 gxh5 43. gxh5 Kd3 44. Rc4 Ra6 45. a4 Rb6 46. Rxc5 Rxb3 47. h6 Kd4 48. Rb5 Rg3+ 49. Kf6 Kc4 50. h7 Rh3 51. Kg6 Rg3+ 52. Rg5 Rh3 53. Kg7 1-0

[Event "Slovakia Open Piestany-A 2022"]
[Site "Piestany"]
[Date "2022.07.16"]
[Round "7.31"]
[White "Saravanan Durga"]
[Black "Pennica, Andrea"]
[Result "1/2-1/2"]
[ECO "E41"]
[WhiteElo "1908"]
[BlackElo "1986"]
[Annotator "ChessBase"]
[PlyCount "125"]
[EventDate "2022.07.12"]
[EventType "swiss"]
[EventCountry "SVK"]
[SourceTitle "playchess.com"]
[Source "ChessBase"]
[SourceQuality "1"]
[TimeControl "40/5400+30:1800+30"]

1. d4 Nf6 2. c4 e6 3. Nc3 Bb4 4. e3 O-O 5. Bd3 c5 6. Nf3 d6 7. O-O Bxc3 8. bxc3 Nc6 9. e4 e5 10. d5 Ne7 11. a4 Ne8 12. Ne1 f5 13. exf5 Bxf5 14. Bxf5 Rxf5 15. Nc2 Ng6 16. Ne3 Rf7 17. g3 Nf6 18. Ng4 Nxg4 19. Qxg4 Qf6 20. Be3 Re8 21. Qe4 Qf3 22. Qxf3 Rxf3 23. Rab1 Re7 24. Rb5 e4 25. Rfb1 Rff7 26. Bg5 Rd7 27. Re1 h6 28. Bc1 Rde7 29. Kg2 Kf8 30. h4 e3 31. Rxe3 Rxe3 32. Bxe3 Ne5 33. Rb1 Nxc4 34. Bf4 Rd7 35. Re1 Nb6 36. Kf3 Nxd5 37. Rd1 Nxc3 38. Rxd6 Rxd6 39. Bxd6+ Kf7 40. Bxc5 b6 41. Bb4 Nxa4 42. Ke4 Ke6 43. Bf8 Nc5+ 44. Kd4 Kf5 45. Kd5 Ne6 46. Bd6 Nd8 47. Bb8 a5 48. Bc7 Ne6 49. Bxb6 a4 50. Kc4 Ke4 51. Kb4 Nf8 52. Kxa4 Nd7 53. Ba7 Nf6 54. Bc5 Ng4 55. h5 Kf5 56. Bf8 Kf6 57. Bc5 Kf7 58. Bd4 Nf6 59. Kb4 Nxh5 60. Kc3 Kg6 61. Kd3 Kf5 62. Ke3 Nf6 63. Kf3 1/2-1/2

[Event "Slovakia Open Piestany-A 2022"]
[Site "Piestany"]
[Date "2022.07.17"]
[Round "8.1"]
[White "Schitco, Ivan"]
[Black "Donchenko, Alexander"]
[Result "1/2-1/2"]
[ECO "A28"]
[WhiteElo "2490"]
[BlackElo "2640"]
[Annotator "ChessBase"]
[PlyCount "85"]
[EventDate "2022.07.12"]
[EventType "swiss"]
[EventCountry "SVK"]
[SourceTitle "playchess.com"]
[Source "ChessBase"]
[SourceQuality "1"]
[TimeControl "40/5400+30:1800+30"]

1. c4 Nf6 2. Nc3 e5 3. Nf3 Nc6 4. d4 exd4 5. Nxd4 Bb4 6. g3 Ne5 7. Qb3 Bc5 8. Be3 d6 9. Rd1 O-O 10. Bg2 h6 11. O-O Qe7 12. Nd5 Nxd5 13. cxd5 a5 14. h3 Bd7 15. Nc2 b6 16. f4 Ng6 17. Bxc5 bxc5 18. e4 Rab8 19. Qc3 Qf6 20. e5 dxe5 21. f5 Ne7 22. Ne3 h5 23. Qxc5 Qb6 24. Qxb6 Rxb6 25. Rc1 Rc8 26. Nc4 Rb5 27. Nxe5 Bxf5 28. g4 hxg4 29. hxg4 f6 30. Rxf5 Nxf5 31. Nc6 Ng3 32. Re1 Rf8 33. Kf2 f5 34. Kxg3 f4+ 35. Kf3 Rxb2 36. g5 g6 37. Re6 Rxa2 38. Ne7+ Kh7 39. Rxg6 Ra3+ 40. Kf2 Ra2+ 41. Kf3 Ra3+ 42. Kf2 Ra2+ 43. Kf3 1/2-1/2

[Event "Slovakia Open Piestany-A 2022"]
[Site "Piestany"]
[Date "2022.07.17"]
[Round "8.2"]
[White "Omelja, Artem"]
[Black "Niedbala, Bartlomiej"]
[Result "1/2-1/2"]
[ECO "D11"]
[WhiteElo "2478"]
[BlackElo "2381"]
[Annotator "ChessBase"]
[PlyCount "97"]
[EventDate "2022.07.12"]
[EventType "swiss"]
[EventCountry "SVK"]
[SourceTitle "playchess.com"]
[Source "ChessBase"]
[SourceQuality "1"]
[TimeControl "40/5400+30:1800+30"]

1. c4 c6 2. d4 d5 3. Nf3 Nf6 4. Nbd2 Bf5 5. Nh4 Be4 6. e3 e6 7. Be2 Nbd7 8. Nxe4 Nxe4 9. Nf3 Bb4+ 10. Kf1 Bd6 11. g3 O-O 12. Kg2 Qe7 13. a3 a6 14. Qc2 f5 15. b3 Qf6 16. Bb2 Kh8 17. Rad1 Rac8 18. Qb1 Ng5 19. Ng1 Qh6 20. Bc1 Ne4 21. Qb2 Qf6 22. f3 Ng5 23. Qd2 Nf7 24. Bb2 Qe7 25. Ra1 Nf6 26. Nh3 e5 27. c5 Bc7 28. b4 Rce8 29. Rae1 Rg8 30. dxe5 Bxe5 31. Bd3 Bxb2 32. Qxb2 Ne5 33. Nf2 Rgf8 34. Qd4 Qe6 35. Nh3 Nfd7 36. Nf4 Qe7 37. h4 Nxd3 38. Nxd3 Kg8 39. h5 Ne5 40. Nxe5 Qxe5 41. Kf2 Kf7 42. Rd1 Qxd4 43. Rxd4 Kf6 44. Ke2 Re7 45. Kd3 Rfe8 46. Re1 Kg5 47. Rf4 Re5 48. Rh4 R5e7 49. a4 1/2-1/2

[Event "Slovakia Open Piestany-A 2022"]
[Site "Piestany"]
[Date "2022.07.17"]
[Round "8.3"]
[White "Demchenko, Anton"]
[Black "Kozak, Antoni"]
[Result "1/2-1/2"]
[ECO "B90"]
[WhiteElo "2653"]
[BlackElo "2475"]
[Annotator "ChessBase"]
[PlyCount "245"]
[EventDate "2022.07.12"]
[EventType "swiss"]
[EventCountry "SVK"]
[SourceTitle "playchess.com"]
[Source "ChessBase"]
[SourceQuality "1"]
[TimeControl "40/5400+30:1800+30"]

1. e4 c5 2. Nf3 d6 3. d4 cxd4 4. Nxd4 Nf6 5. Nc3 a6 6. a4 e5 7. Nf3 Be7 8. Bc4 O-O 9. O-O Be6 10. Qe2 Qc8 11. Ba2 Nbd7 12. Rd1 Qc6 13. a5 Rfc8 14. h3 h6 15. Nh2 Bd8 16. Ng4 b5 17. axb6 Bxb6 18. Ne3 Bxe3 19. Bxe3 Qb7 20. Bxe6 fxe6 21. Ra2 Rc6 22. Rd3 Rac8 23. Qd1 Kh7 24. Kh2 Qb8 25. g3 Nb6 26. Qe2 d5 27. exd5 exd5 28. Bxb6 Qxb6 29. Rd2 e4 30. Nxd5 Nxd5 31. Qxe4+ Kh8 32. Qxd5 Rxc2 33. b3 R2c3 34. Rab2 Rb8 35. b4 Qb5 36. Qd6 Rc1 37. Rd3 a5 38. Re2 Qxb4 39. Qg6 Qb7 40. f3 Rf8 41. Rde3 Rc6 42. Qg4 Qf7 43. Qa4 Qd5 44. Qa3 Rcc8 45. Kg2 Qc5 46. Qa1 Rcd8 47. Re6 Qh5 48. Qc3 Rc8 49. Qa3 Qc5 50. Qa2 Qb5 51. R6e5 Rc5 52. Re7 Qd3 53. R7e3 Qd1 54. Re8 Rc8 55. Rxf8+ Rxf8 56. f4 a4 57. Rd2 Qb3 58. Qxb3 axb3 59. Rb2 Rb8 60. Kf3 Kh7 61. Ke2 Kg6 62. g4 Rb4 63. Kd1 h5 64. f5+ Kg5 65. gxh5 Kxf5 66. Kc1 Rc4+ 67. Kb1 Rc3 68. Rg2 Kf6 69. h4 Rc4 70. Rf2+ Ke7 71. Rg2 Kf7 72. Rh2 Kg8 73. Kb2 Rb4 74. Re2 Kh7 75. Re8 Rb5 76. Re4 Kh6 77. Rg4 Rb7 78. Rg5 Rb4 79. Rg6+ Kh7 80. Rg5 Rb6 81. Rg3 Rb5 82. Rg4 Kh8 83. Re4 Kg8 84. Rf4 Rb6 85. Rf3 Rb4 86. Rf5 Kh8 87. Re5 Kh7 88. Rg5 Rxh4 89. Kxb3 Rd4 90. Kc3 Rd7 91. Ra5 Kh6 92. Rb5 Rd1 93. Rb7 Rd5 94. Re7 Rxh5 95. Re1 Rd5 96. Kc4 Rd2 97. Rh1+ Kg6 98. Rg1+ Kf6 99. Rf1+ Ke5 100. Rg1 Rd7 101. Re1+ Kf4 102. Rf1+ Ke4 103. Re1+ Kf3 104. Rg1 Kf4 105. Rf1+ Ke5 106. Re1+ Kf6 107. Rf1+ Ke7 108. Re1+ Kf7 109. Rf1+ Kg8 110. Rg1 Rd2 111. Kc3 Rd6 112. Kc4 Kf7 113. Rf1+ Ke7 114. Rg1 Kf7 115. Rf1+ Rf6 116. Rg1 Rf4+ 117. Kd3 Kf6 118. Ke3 g5 119. Rg3 Kg6 120. Rf3 Kh7 121. Rxf4 gxf4+ 122. Kf3 Kh8 123. Kxf4 1/2-1/2

[Event "Slovakia Open Piestany-A 2022"]
[Site "Piestany"]
[Date "2022.07.17"]
[Round "8.4"]
[White "Neugebauer, Martin"]
[Black "Lewtak, Damian"]
[Result "1-0"]
[ECO "B90"]
[WhiteElo "2528"]
[BlackElo "2397"]
[Annotator "ChessBase"]
[PlyCount "79"]
[EventDate "2022.07.12"]
[EventType "swiss"]
[EventCountry "SVK"]
[SourceTitle "playchess.com"]
[Source "ChessBase"]
[SourceQuality "1"]
[TimeControl "40/5400+30:1800+30"]

1. e4 c5 2. Nf3 d6 3. d4 cxd4 4. Nxd4 Nf6 5. Nc3 a6 6. Be3 Ng4 7. Bc1 Nf6 8. f3 e5 9. Nb3 Be6 10. Be3 Nbd7 11. g4 Be7 12. Qd2 Qc7 13. g5 Nh5 14. O-O-O Nb6 15. Kb1 Rc8 16. Qf2 Nc4 17. Bxc4 Bxc4 18. Nd2 Be6 19. Nf1 f6 20. Ng3 Nxg3 21. hxg3 fxg5 22. Qh2 h6 23. f4 gxf4 24. gxf4 Bf6 25. f5 Bf7 26. Rd2 Qe7 27. Nd5 Bxd5 28. Rxd5 h5 29. Rhd1 Rc6 30. Bd2 Qf8 31. Bb4 Be7 32. c4 b6 33. Qc2 Kf7 34. Qb3 Kf6 35. c5 bxc5 36. Bd2 h4 37. Rg1 c4 38. Qb7 Rc8 39. Bg5+ Kf7 40. Bxe7 1-0

[Event "Slovakia Open Piestany-A 2022"]
[Site "Piestany"]
[Date "2022.07.17"]
[Round "8.5"]
[White "Moroni, Luca Jr"]
[Black "Moksh Amit Doshi"]
[Result "0-1"]
[ECO "A28"]
[WhiteElo "2584"]
[BlackElo "2409"]
[Annotator "ChessBase"]
[PlyCount "94"]
[EventDate "2022.07.12"]
[EventType "swiss"]
[EventCountry "SVK"]
[SourceTitle "playchess.com"]
[Source "ChessBase"]
[SourceQuality "1"]
[TimeControl "40/5400+30:1800+30"]

1. c4 Nf6 2. Nc3 e5 3. e3 Nc6 4. Qb3 Bb4 5. Nf3 a5 6. Be2 O-O 7. O-O Re8 8. d3 d6 9. Bd2 h6 10. Rac1 Be6 11. a3 Bc5 12. Na4 Qd7 13. Nxc5 dxc5 14. Bc3 Bf5 15. Rcd1 Rad8 16. Ne1 b6 17. Qc2 Qe6 18. b3 Nd4 19. Qb2 Nxe2+ 20. Qxe2 e4 21. Bxf6 Qxf6 22. dxe4 Bxe4 23. f3 Rxd1 24. Qxd1 Bc6 25. Qc1 Qe5 26. e4 Qd4+ 27. Rf2 a4 28. Qb2 Qd1 29. Kf1 Qxb3 30. Qc1 Rd8 31. Rc2 Rd4 32. Kf2 Bd7 33. Rc3 Rd1 34. Qe3 Qb2+ 35. Kg3 Be6 36. f4 Rd4 37. f5 Rxe4 38. Qxe4 Qxc3+ 39. Nf3 Bxc4 40. f6 Qd3 41. Qe8+ Kh7 42. fxg7 Qd6+ 43. Kf2 Kxg7 44. Qxa4 Bd5 45. Nh4 Qf6+ 46. Kg3 Qe5+ 47. Kf2 c4 0-1

[Event "Slovakia Open Piestany-A 2022"]
[Site "Piestany"]
[Date "2022.07.17"]
[Round "8.6"]
[White "Pacher, Milan"]
[Black "Krasenkow, Michal"]
[Result "1/2-1/2"]
[ECO "A41"]
[WhiteElo "2399"]
[BlackElo "2569"]
[Annotator "ChessBase"]
[PlyCount "117"]
[EventDate "2022.07.12"]
[EventType "swiss"]
[EventCountry "SVK"]
[SourceTitle "playchess.com"]
[Source "ChessBase"]
[SourceQuality "1"]
[TimeControl "40/5400+30:1800+30"]

1. d4 g6 2. c4 d6 3. Nc3 e5 4. Nf3 Bg7 5. dxe5 dxe5 6. Qxd8+ Kxd8 7. Ng5 Nh6 8. b3 f6 9. Nge4 Nf7 10. Ba3 Bf5 11. O-O-O+ Nd7 12. Nc5 Kc8 13. e4 Nxc5 14. exf5 Bf8 15. Kb2 gxf5 16. g3 c6 17. Bh3 Nh6 18. Rd2 Kc7 19. Rhd1 Re8 20. f3 e4 21. fxe4 fxe4 22. Bxc5 Bxc5 23. Rd7+ Kb8 24. Rf1 e3 25. Kc2 f5 26. Ne2 a5 27. Nf4 Bb4 28. Kd1 Ng4 29. Bxg4 fxg4 30. Ke2 Kc8 31. Rg7 h5 32. Nd3 Bc3 33. Rg5 h4 34. Rxg4 hxg3 35. h4 Rhg8 36. Rxg8 Rxg8 37. Kxe3 g2 38. Rg1 Rg3+ 39. Ke4 Bd2 40. Nf4 Rg4 41. Rxg2 Rxf4+ 42. Ke5 Bc1 43. Rg1 Rxh4 44. Rxc1 Rh2 45. Ra1 Kc7 46. Kd4 Kb6 47. a3 Rh3 48. Rb1 Ka6 49. Kc5 Rd3 50. Rb2 Rh3 51. Rb1 Rh2 52. b4 Rh5+ 53. Kd4 a4 54. Re1 Rh2 55. Re8 Ka7 56. Re5 b6 57. b5 cxb5 58. cxb5 Rh3 59. Kd5 1/2-1/2

[Event "Slovakia Open Piestany-A 2022"]
[Site "Piestany"]
[Date "2022.07.17"]
[Round "8.7"]
[White "Czerw, Dawid"]
[Black "Gretarsson, Helgi Ass"]
[Result "1/2-1/2"]
[ECO "C75"]
[WhiteElo "2391"]
[BlackElo "2472"]
[Annotator "ChessBase"]
[PlyCount "25"]
[EventDate "2022.07.12"]
[EventType "swiss"]
[EventCountry "SVK"]
[SourceTitle "playchess.com"]
[Source "ChessBase"]
[SourceQuality "1"]
[TimeControl "40/5400+30:1800+30"]

1. e4 e5 2. Nf3 Nc6 3. Bb5 a6 4. Ba4 Nge7 5. c3 d6 6. d4 Bd7 7. Be3 h6 8. Nbd2 g6 9. dxe5 dxe5 10. Bc2 Be6 11. Bb3 Qd7 12. Bxe6 Qxe6 13. Qb3 1/2-1/2

[Event "Slovakia Open Piestany-A 2022"]
[Site "Piestany"]
[Date "2022.07.17"]
[Round "8.8"]
[White "Favaloro, Andrea"]
[Black "Haring, Filip"]
[Result "0-1"]
[ECO "A04"]
[WhiteElo "2361"]
[BlackElo "2451"]
[Annotator "ChessBase"]
[PlyCount "74"]
[EventDate "2022.07.12"]
[EventType "swiss"]
[EventCountry "SVK"]
[SourceTitle "playchess.com"]
[Source "ChessBase"]
[SourceQuality "1"]
[TimeControl "40/5400+30:1800+30"]

1. Nf3 f5 2. d3 d6 3. e4 e5 4. Nc3 c5 5. g3 Nc6 6. Bg2 Be7 7. O-O Nf6 8. Nh4 fxe4 9. dxe4 O-O 10. Nf5 Nd4 11. Qd3 h6 12. f4 Rb8 13. a4 Be6 14. h3 Bf7 15. g4 Nxf5 16. exf5 e4 17. Nxe4 Nxe4 18. Bxe4 d5 19. Bg2 c4 20. Qg3 Bh4 21. Qf3 d4 22. c3 Re8 23. Rd1 d3 24. Be3 Qa5 25. g5 Qxf5 26. Bxa7 Rbd8 27. Qg4 Qxg4 28. hxg4 hxg5 29. Bd4 Rd7 30. fxg5 Re2 31. Rab1 Bd5 32. Bxd5+ Rxd5 33. b3 Rxg5 34. bxc4 Rxg4+ 35. Kh1 d2 36. c5 Bg5 37. a5 Bf4 0-1

[Event "Slovakia Open Piestany-A 2022"]
[Site "Piestany"]
[Date "2022.07.17"]
[Round "8.9"]
[White "Sahidi, Samir"]
[Black "Marek, Matyas"]
[Result "1-0"]
[ECO "C42"]
[WhiteElo "2462"]
[BlackElo "2354"]
[Annotator "ChessBase"]
[PlyCount "91"]
[EventDate "2022.07.12"]
[EventType "swiss"]
[EventCountry "SVK"]
[SourceTitle "playchess.com"]
[Source "ChessBase"]
[SourceQuality "1"]
[TimeControl "40/5400+30:1800+30"]

1. e4 e5 2. Nf3 Nf6 3. Nc3 Bb4 4. Nxe5 O-O 5. Nd3 Bxc3 6. dxc3 Nxe4 7. Be2 d5 8. O-O c6 9. Be3 Re8 10. Re1 Nd7 11. Bf1 Nf8 12. a4 a5 13. Qh5 b6 14. f3 Nf6 15. Qh4 Ne6 16. c4 d4 17. Bd2 c5 18. Ne5 Nd7 19. Qe4 Ba6 20. Bd3 Nef8 21. f4 Nf6 22. Qf3 Qc7 23. Re2 Bb7 24. Qh3 Re7 25. Rae1 Rae8 26. g4 N6d7 27. Qg3 Nxe5 28. Rxe5 Rxe5 29. fxe5 Ng6 30. Bf4 Qc6 31. b3 Nxf4 32. Be4 Qxe4 33. Rxe4 Bxe4 34. Qxf4 Bxc2 35. e6 fxe6 36. Qd6 e5 37. Qxb6 e4 38. Qc6 Rd8 39. Qxc5 d3 40. Qe7 Rb8 41. Qxe4 h6 42. Qd5+ Kh8 43. c5 Rxb3 44. c6 Rc3 45. c7 Bb3 46. Qxb3 1-0

[Event "Slovakia Open Piestany-A 2022"]
[Site "Piestany"]
[Date "2022.07.17"]
[Round "8.10"]
[White "Aradhya, Garg"]
[Black "Stefansson, Vignir Vatnar"]
[Result "1/2-1/2"]
[ECO "E46"]
[WhiteElo "2229"]
[BlackElo "2461"]
[Annotator "ChessBase"]
[PlyCount "44"]
[EventDate "2022.07.12"]
[EventType "swiss"]
[EventCountry "SVK"]
[SourceTitle "playchess.com"]
[Source "ChessBase"]
[SourceQuality "1"]
[TimeControl "40/5400+30:1800+30"]

1. d4 Nf6 2. c4 e6 3. Nc3 Bb4 4. e3 O-O 5. Bd2 d5 6. Rc1 Re8 7. Nf3 Nbd7 8. a3 Bf8 9. Qc2 a6 10. b4 c6 11. Bd3 a5 12. Qb2 axb4 13. axb4 dxc4 14. Bxc4 b5 15. Ba2 Nd5 16. Ne4 Nxb4 17. Bxb4 Bxb4+ 18. Qxb4 Rxa2 19. Nd6 Rf8 20. O-O Ra4 21. Qc3 Nb8 22. Qc5 Bd7 1/2-1/2

[Event "Slovakia Open Piestany-A 2022"]
[Site "Piestany"]
[Date "2022.07.17"]
[Round "8.11"]
[White "Samunenkov, Ihor"]
[Black "Palchuk, Andrii"]
[Result "1-0"]
[ECO "B56"]
[WhiteElo "2448"]
[BlackElo "2248"]
[Annotator "ChessBase"]
[PlyCount "81"]
[EventDate "2022.07.12"]
[EventType "swiss"]
[EventCountry "SVK"]
[SourceTitle "playchess.com"]
[Source "ChessBase"]
[SourceQuality "1"]
[TimeControl "40/5400+30:1800+30"]

1. e4 c5 2. Nc3 Nc6 3. Nge2 d6 4. d4 cxd4 5. Nxd4 Nf6 6. f3 e5 7. Nb3 Be7 8. Be3 Be6 9. Nd5 O-O 10. c3 Rc8 11. Be2 Bxd5 12. exd5 Na5 13. Bxa7 Nxb3 14. axb3 Ra8 15. c4 b6 16. Ra6 Qc8 17. Qa1 Qc5 18. Bxb6 Rxa6 19. Qxa6 Qb4+ 20. Kf2 Rb8 21. Ba7 Ra8 22. Qb6 Qd2 23. Rd1 Qxb2 24. Qb7 Re8 25. Qb4 Ra8 26. Kf1 Bf8 27. Qb7 Re8 28. Be3 Nh5 29. g3 Nf4 30. gxf4 exf4 31. Bd2 Qe5 32. Re1 Qh5 33. Bxf4 g5 34. Bg3 Qh3+ 35. Kg1 h5 36. Qb6 Qf5 37. Bxd6 Qf6 38. Bc5 Qc3 39. Bf2 Bb4 40. d6 Qd2 41. d7 1-0

[Event "Slovakia Open Piestany-A 2022"]
[Site "Piestany"]
[Date "2022.07.17"]
[Round "8.12"]
[White "Mullick, Raahil"]
[Black "Piesik, Piotr"]
[Result "*"]
[ECO "B12"]
[WhiteElo "2237"]
[BlackElo "2440"]
[Annotator "ChessBase"]
[PlyCount "71"]
[EventDate "2022.07.12"]
[EventType "swiss"]
[EventCountry "SVK"]
[SourceTitle "playchess.com"]
[Source "ChessBase"]
[SourceQuality "1"]
[TimeControl "40/5400+30:1800+30"]

1. e4 c6 2. d4 d5 3. e5 Bf5 4. h4 h5 5. Bd3 Bxd3 6. Qxd3 Qa5+ 7. Bd2 Qa6 8. Qf3 e6 9. Ne2 c5 10. dxc5 Bxc5 11. Nf4 Nc6 12. Nd3 Nd4 13. Qd1 Rc8 14. Be3 Bb6 15. c3 Nf5 16. Bxb6 Qxb6 17. Nd2 Nge7 18. O-O Ng6 19. Qa4+ Kf8 20. c4 dxc4 21. Rac1 Kg8 22. Rxc4 Rxc4 23. Qxc4 Kh7 24. Nf3 Rd8 25. Nf4 Nxf4 26. Qxf4 Qxb2 27. Qg5 Rc8 28. Rd1 Nh6 29. Qxh5 Rc1 30. Ng5+ Kg8 31. Qf3 Nf5 32. Qd3 Rxd1+ 33. Qxd1 Nd4 34. g3 Qc1 35. Kf1 Ne2 36. f4 *